[Event "Titled Tuesday Blitz June 27 Late 2023"]
[White "Bayo Milagro, Alvaro"]
[Black "Tristan, Leonardo"]
[WhiteFideId "22275240"]
[BlackFideId "113816"]
[WhiteElo "2580"]
[BlackElo "2758"]
[Result "0-1"]
[Round "6"]
[TimeControl "180+2"]
[Date "2023.06.27"]
[WhiteClock "0:00:01"]
[BlackClock "0:00:34"]
[Board "42"]

1. Nf3 d5 2. c4 e6 3. g3 Nf6 4. Bg2 Be7 5. O-O O-O 6. d4 dxc4 7. Na3 Bxa3 8. bxa3 Nbd7 9. a4 a5 10. Ba3 Re8 11. Rc1 Nb6 12. Ne5 Bd7 13. Bxb7 Bxa4 14. Qd2 Rb8 15. Nc6 Bxc6 16. Bxc6 Nfd7 17. Qxa5 e5 18. dxe5 Rxe5 19. Qd2 Nf6 20. Qxd8+ Rxd8 21. e3 h5 22. Rfd1 Rxd1+ 23. Rxd1 Ra5 24. Be7 Rxa2 25. Bd8 c3 26. Bxc7 c2 27. Rc1 Rb2 28. Kg2 Nc4 29. Ba4 Nd5 30. Bd8 Na3 31. Bc6 Nb4 32. Be7 Rb1 33. Bxb4 Rxb4 34. Bd7 Rb1 0-1


[Site "https://www.chess.com"]

[Event "Titled Tuesday Blitz June 27 Late 2023"]
[White "Pinheiro, Iung Alicio de O."]
[Black "Nazari, Arad"]
[WhiteFideId "2104350"]
[BlackFideId "12577324"]
[WhiteElo "2579"]
[BlackElo "2749"]
[Result "0-1"]
[Round "6"]
[TimeControl "180+2"]
[Date "2023.06.27"]
[WhiteClock "0:00:00"]
[BlackClock "0:00:08"]
[Board "43"]

1. e4 c5 2. Nf3 d6 3. Nc3 Nf6 4. d4 cxd4 5. Nxd4 a6 6. a3 g6 7. Bg5 Bg7 8. Qd2 Nc6 9. Nf3 Bg4 10. Be2 Qa5 11. O-O O-O 12. Bh6 Bxf3 13. Bxf3 Ne5 14. Be2 Rfc8 15. Bxg7 Kxg7 16. Qe3 Qc5 17. Qg3 Qb6 18. Rab1 Nc4 19. Bxc4 Rxc4 20. Rfe1 e5 21. Qf3 Qc6 22. Rbd1 Rc8 23. Rd3 b5 24. h3 a5 25. Red1 Nxe4 26. Nxe4 Qxe4 27. Qxe4 Rxe4 28. c3 Re2 29. b4 axb4 30. axb4 Rb2 31. R1d2 Rb3 32. Rxd6 Rcxc3 33. R6d5 Rxb4 34. Rxe5 Rcb3 35. Re7 Rf4 36. Kh2 b4 37. Rb7 Rb1 38. f3 h5 39. Rd5 h4 40. Rdd7 Rb2 41. Kh1 g5 42. Rbc7 Kg6 43. Rb7 Rb1+ 44. Kh2 Rb2 45. Kg1 Rc4 46. Rd6+ f6 47. Rbb6 Rc1+ 48. Kh2 Rcc2 49. Rxf6+ Kg7 50. Rg6+ Kf7 51. Rgf6+ Ke7 52. Rfe6+ Kd7 53. Rh6 Rxg2+ 54. Kh1 Rgc2 55. Rh7+ Kc8 0-1


[Site "https://www.chess.com"]

[Event "Titled Tuesday Blitz June 27 Late 2023"]
[White "Ganiev, Roman"]
[Black "Troff, Kayden"]
[WhiteFideId "4131452"]
[BlackFideId "2047896"]
[WhiteElo "2578"]
[BlackElo "2724"]
[Result "0-1"]
[Round "6"]
[TimeControl "180+2"]
[Date "2023.06.27"]
[WhiteClock "0:00:01"]
[BlackClock "0:00:16"]
[Board "44"]

1. e4 c5 2. Nf3 g6 3. c3 Bg7 4. d4 cxd4 5. cxd4 d5 6. e5 Nc6 7. Nc3 Nh6 8. h3 O-O 9. Be2 f6 10. exf6 exf6 11. O-O Be6 12. Re1 Bf7 13. Bd3 f5 14. Bg5 Qb6 15. Qd2 Ng4 16. hxg4 fxg4 17. Ne5 Nxe5 18. dxe5 g3 19. Bf6 Be6 20. Qf4 Qxb2 21. Na4 gxf2+ 22. Qxf2 Qxf2+ 23. Kxf2 Bxf6 24. exf6 Rxf6+ 25. Kg3 Bd7 26. Nc5 Bc6 27. Re7 b6 28. Ne6 Rf7 29. Rxf7 Kxf7 30. Nd4 Bd7 31. Rf1+ Ke7 32. Re1+ Kd6 33. Nf3 Re8 34. Rd1 b5 35. Ng5 Re7 36. Kf4 h6 37. Nf3 g5+ 38. Kg3 a5 39. Nd4 b4 40. Bb5 Re3+ 41. Kf2 Ra3 42. Rd2 Bc8 43. Nf3 Kc5 44. Be2 Bf5 45. Bd1 Be4 46. Nd4 a4 47. Ne6+ Kd6 48. Nd4 Kc5 49. Ne6+ Kc4 50. Be2+ Kc3 51. Ke1 b3 52. axb3 axb3 53. Rd1 b2 54. Nc5 Ra1 55. Nd3 b1=Q 0-1


[Site "https://www.chess.com"]

[Event "Titled Tuesday Blitz June 27 Late 2023"]
[White "Laurent-Paoli, Pierre"]
[Black "Fantinel, Thibault"]
[WhiteFideId "26017962"]
[BlackFideId "663395"]
[WhiteElo "2722"]
[BlackElo "2576"]
[Result "0-1"]
[Round "6"]
[TimeControl "180+2"]
[Date "2023.06.27"]
[WhiteClock "0:00:00"]
[BlackClock "0:00:05"]
[Board "45"]

1. d4 Nf6 2. c4 b6 3. Nf3 Bb7 4. e3 e6 5. Be2 d5 6. O-O Bd6 7. b4 dxc4 8. Bxc4 O-O 9. a3 c5 10. dxc5 bxc5 11. b5 Qc7 12. Nbd2 Nbd7 13. a4 Ne5 14. a5 Rfd8 15. Qe2 Nxf3+ 16. Nxf3 Bxf3 17. Qxf3 Bxh2+ 18. Kh1 Be5 19. Ra2 Rab8 20. g3 Nd5 21. Kg2 g6 22. Rh1 Bg7 23. Bb2 Bxb2 24. Rxb2 Qe5 25. Rbb1 Nc3 26. Rxh7 Qf5 27. Rbh1 Ne4 28. Qxf5 gxf5 29. Rh8+ Kg7 30. Rxd8 Rxd8 31. Rc1 Rd2 32. Rf1 Rb2 33. b6 axb6 34. a6 Rb4 35. Ra1 Rxc4 36. a7 Rc2 37. a8=Q Rxf2+ 38. Kg1 Rf3 39. Ra2 Rxe3 40. Rh2 Kf6 41. Qh8+ Ke7 42. Qb8 Rxg3+ 43. Rg2 Rxg2+ 44. Kxg2 Kf6 45. Qxb6 Kg5 46. Qa7 f6 47. Qa1 Kf4 48. Qc1+ Ke5 49. Kf3 Ng5+ 50. Kg3 Ne4+ 51. Kf3 Ng5+ 52. Ke3 f4+ 53. Kd3 Ne4 54. Qc4 f5 55. Qa6 f3 56. Ke3 f2 57. Qa1+ Kd5 58. Qd1+ Ke5 59. Qa1+ Kd5 60. Ke2 c4 61. Qa5+ Kd4 62. Qb6+ Kd5 63. Qb5+ Kd4 64. Qd7+ Ke5 65. Qc7+ Kd5 66. Qd7+ Ke5 67. Qc6 c3 68. Qb5+ Kd4 69. Qb4+ Ke5 70. Qa5+ Kf4 71. Qc7+ Kg5 72. Qe5 Kg4 73. Qxe6 Kf4 74. Qc8 Ke5 75. Qc7+ Ke6 76. Qc6+ Ke5 77. Qb5+ Kf4 78. Qc4 Ke5 79. Qc7+ Kd5 80. Kf1 Kd4 81. Qd7+ Ke3 82. Qa7+ Kf3 0-1


[Site "https://www.chess.com"]

[Event "Titled Tuesday Blitz June 27 Late 2023"]
[White "WindWhistler11"]
[Black "Barp, Alberto"]
[BlackFideId "872555"]
[WhiteElo "2570"]
[BlackElo "2717"]
[Result "0-1"]
[Round "6"]
[TimeControl "180+2"]
[Date "2023.06.27"]
[WhiteClock "0:00:00"]
[BlackClock "0:00:10"]
[Board "46"]

1. Nf3 d5 2. c4 e6 3. g3 Ne7 4. Bg2 g6 5. h4 h6 6. h5 g5 7. d4 Bg7 8. Nc3 Nbc6 9. e3 O-O 10. b3 dxc4 11. bxc4 e5 12. d5 e4 13. Nd4 Nxd4 14. exd4 Nf5 15. Nxe4 Nxd4 16. Rb1 Re8 17. O-O Bf5 18. Re1 Qd7 19. Bb2 c5 20. dxc6 bxc6 21. c5 Rad8 22. Bxd4 Qxd4 23. Qxd4 Bxd4 24. Nd6 Bxb1 25. Rxe8+ Rxe8 26. Nxe8 Bxa2 27. Bxc6 Bxc5 28. Nf6+ Kg7 29. Ne8+ Kf8 30. Nf6 Bd4 31. Ng4 Bg7 32. Ne3 Be6 33. f4 gxf4 34. gxf4 Bd4 35. Kf2 Bg4 36. f5 Bxf5 0-1


[Site "https://www.chess.com"]

[Event "Titled Tuesday Blitz June 27 Late 2023"]
[White "Fernandez, Daniel"]
[Black "Ezat, Mohamed"]
[WhiteFideId "2015390"]
[BlackFideId "10600906"]
[WhiteElo "2710"]
[BlackElo "2568"]
[Result "1-0"]
[Round "6"]
[TimeControl "180+2"]
[Date "2023.06.27"]
[WhiteClock "0:00:14"]
[BlackClock "0:00:00"]
[Board "47"]

1. Nf3 Nf6 2. c4 g6 3. b4 Bg7 4. Bb2 O-O 5. e3 d6 6. d4 e5 7. Nc3 exd4 8. Nxd4 a5 9. b5 Nbd7 10. Be2 Nc5 11. O-O Re8 12. Bf3 Nfe4 13. Nxe4 Nxe4 14. Bxe4 Rxe4 15. Qd3 Re8 16. e4 Qh4 17. Rfe1 Bg4 18. Qg3 Qxg3 19. hxg3 c5 20. bxc6 bxc6 21. Bc3 Be6 22. Nxe6 Bxc3 23. Nc7 Bxe1 24. Rxe1 Rac8 25. Nxe8 Rxe8 26. f3 f5 27. Rd1 fxe4 28. Rxd6 e3 29. Kf1 Rb8 30. Rxc6 Rb1+ 31. Ke2 Rb2+ 32. Kxe3 Rxg2 33. a4 Ra2 34. Kf4 Rxa4 35. Kg5 Ra3 36. f4 Rxg3+ 37. Kf6 h5 38. c5 h4 39. Rc8+ Kh7 40. Rc7+ Kh6 41. c6 Rc3 42. Rc8 Kh5 43. c7 Kg4 44. f5 Rc6+ 45. Ke5 h3 46. fxg6 h2 47. g7 h1=Q 48. g8=Q+ Kf3 49. Qd5+ Kf2 50. Qxh1 1-0


[Site "https://www.chess.com"]

[Event "Titled Tuesday Blitz June 27 Late 2023"]
[White "Goltsev, Dmitry"]
[Black "Ozates, Tuna"]
[WhiteFideId "24176710"]
[BlackFideId "6354521"]
[WhiteElo "2707"]
[BlackElo "2566"]
[Result "1/2-1/2"]
[Round "6"]
[TimeControl "180+2"]
[Date "2023.06.27"]
[WhiteClock "0:00:05"]
[BlackClock "0:00:04"]
[Board "48"]

1. e4 c5 2. Nf3 Nc6 3. d4 cxd4 4. Nxd4 Nf6 5. Nc3 e5 6. Nf5 d5 7. exd5 Bxf5 8. dxc6 bxc6 9. Bd3 e4 10. Bc4 Qxd1+ 11. Nxd1 Bc5 12. Ne3 Bg6 13. c3 Ke7 14. b4 Bb6 15. a4 a5 16. b5 cxb5 17. Bxb5 Bc5 18. Nc4 Nd5 19. Bd2 Nb6 20. Be3 Bxe3 21. Nxe3 f5 22. g3 Rhd8 23. c4 Rac8 24. O-O Rc5 25. Rfd1 Bf7 26. Rxd8 Kxd8 27. Rd1+ Ke7 28. Rd4 g6 29. Kg2 Nc8 30. Rd7+ Kf6 31. Ra7 Nd6 32. Ra6 Ke5 33. Rxa5 Nxc4 34. Bxc4 Rxa5 35. Bxf7 Rxa4 36. Be8 Ra2 37. Bf7 Ra1 38. h4 Kf6 39. Bg8 h6 40. Nd5+ Ke5 41. Ne3 g5 42. Bh7 f4 43. Ng4+ Kd4 44. gxf4 gxf4 45. Nxh6 Ra2 46. Nf5+ Ke5 47. Kf1 Ra1+ 48. Kg2 Ra7 49. Bg6 Ra6 50. h5 Kf6 51. Nh6 e3 52. fxe3 fxe3 53. Kf3 Kg7 54. Nf5+ Kf6 55. Kxe3 Ra5 56. Nd6 Kg5 57. Kd4 Kh6 58. Nf7+ Kg7 59. Nd8 Ra6 60. Ke5 Rxg6 61. hxg6 Kxg6 1/2-1/2


[Site "https://www.chess.com"]

[Event "Titled Tuesday Blitz June 27 Late 2023"]
[White "Manukyan, Artyom"]
[Black "Hambleton, Aman"]
[WhiteFideId "13305786"]
[BlackFideId "2606577"]
[WhiteElo "2563"]
[BlackElo "2705"]
[Result "1-0"]
[Round "6"]
[TimeControl "180+2"]
[Date "2023.06.27"]
[WhiteClock "0:01:13"]
[BlackClock "0:00:01"]
[Board "49"]

1. e4 b6 2. d4 Bb7 3. Bd3 e6 4. f4 d5 5. e5 Ba6 6. Nf3 Bxd3 7. Qxd3 Qd7 8. O-O Ne7 9. c3 c5 10. a4 c4 11. Qe2 Nbc6 12. Be3 h5 13. Bf2 Nf5 14. Nbd2 Na5 15. Nh4 Be7 16. Nxf5 exf5 17. Rfe1 Qe6 18. Nf3 Nb3 19. Rad1 O-O-O 20. Bh4 Bxh4 21. Nxh4 g6 22. Nf3 Qe7 23. Ng5 Rhf8 24. Qf3 Qd7 25. e6 fxe6 26. Rxe6 Rfe8 27. Rde1 Nd2 28. Qd1 Ne4 29. Rxg6 Kb8 30. Nxe4 fxe4 31. Qxh5 Qxa4 32. Rg7 Rd7 33. Qxe8+ Rd8 34. Qxd8# 1-0


[Site "https://www.chess.com"]

[Event "Titled Tuesday Blitz June 27 Late 2023"]
[White "Bjelobrk, Igor"]
[Black "Darini, Pouria"]
[WhiteFideId "4300726"]
[BlackFideId "12502200"]
[WhiteElo "2562"]
[BlackElo "2703"]
[Result "1-0"]
[Round "6"]
[TimeControl "180+2"]
[Date "2023.06.27"]
[WhiteClock "0:00:48"]
[BlackClock "0:00:03"]
[Board "50"]

1. d4 Nf6 2. c4 g6 3. Nc3 d5 4. Nf3 Bg7 5. h4 c6 6. cxd5 cxd5 7. Bf4 Nc6 8. e3 Bg4 9. Qb3 O-O 10. Ne5 Na5 11. Qb4 h5 12. Rc1 Rc8 13. Bd3 Be6 14. O-O a6 15. Rc2 b5 16. a4 bxa4 17. Qxa4 Qb6 18. Ra1 Nc4 19. Bxc4 dxc4 20. Qxa6 Qb3 21. Rd2 Nd5 22. Nxg6 Ra8 23. Nxd5 Bxd5 24. Nxe7+ Kh8 25. Nxd5 Rxa6 26. Rxa6 Rd8 27. Nc3 Qb5 28. Nxb5 1-0


[Site "https://www.chess.com"]

[Event "Titled Tuesday Blitz June 27 Late 2023"]
[White "Fisher_TheGalactic"]
[Black "ElDivis"]
[WhiteElo "2695"]
[BlackElo "2561"]
[Result "1-0"]
[Round "6"]
[TimeControl "180+2"]
[Date "2023.06.27"]
[WhiteClock "0:00:46"]
[BlackClock "0:00:27"]
[Board "51"]

1. e4 c5 2. Nf3 d6 3. Bc4 Nc6 4. O-O Nf6 5. Re1 g6 6. e5 dxe5 7. Nxe5 Nxe5 8. Rxe5 Bg7 9. d3 O-O 10. Re1 Bg4 11. Qd2 a6 12. a4 Bd7 13. a5 Bc6 14. Nc3 Qc7 15. h3 Rad8 16. Qf4 Qxf4 17. Bxf4 e6 18. Be3 Nd5 19. Bxd5 exd5 20. Bxc5 Rfe8 21. d4 h5 22. Na2 Re4 23. c3 Rde8 24. Rxe4 Rxe4 25. Nb4 Re2 26. Nxc6 bxc6 27. b4 Rc2 28. Re1 Rxc3 29. Re8+ Kh7 30. Re7 f5 31. Ra7 Rc4 32. Bf8 Kh6 33. Bxg7+ 1-0


[Site "https://www.chess.com"]

[Event "Titled Tuesday Blitz June 27 Late 2023"]
[White "Bolourchifard, Farzad"]
[Black "Golubev, Mikhail"]
[WhiteFideId "12510084"]
[BlackFideId "14100983"]
[WhiteElo "2692"]
[BlackElo "2552"]
[Result "1-0"]
[Round "6"]
[TimeControl "180+2"]
[Date "2023.06.27"]
[WhiteClock "0:00:10"]
[BlackClock "0:00:00"]
[Board "52"]

1. d4 Nf6 2. Nf3 d6 3. Bg5 Nbd7 4. e3 e5 5. Be2 Be7 6. O-O O-O 7. c4 h6 8. Bh4 Ne4 9. Bxe7 Qxe7 10. Bd3 Nef6 11. Be2 Re8 12. Nc3 e4 13. Nd2 Nf8 14. b4 Ng6 15. Qc2 h5 16. Rfc1 Bf5 17. Nd5 Qd8 18. Qa4 h4 19. Nf1 c6 20. Nc3 h3 21. Ng3 Qd7 22. b5 hxg2 23. bxc6 bxc6 24. d5 Ne5 25. dxc6 Qe6 26. Nd5 Nxd5 27. cxd5 Qg6 28. Qc2 Nd3 29. Rd1 Bg4 30. Bxd3 Bxd1 31. Rxd1 exd3 32. Qxd3 Qxd3 33. Rxd3 Kf8 34. Ra3 Ke7 35. Nf5+ Kf6 36. Nd4 Re5 37. Ra5 Rb8 38. Kxg2 1-0


[Site "https://www.chess.com"]

[Event "Titled Tuesday Blitz June 27 Late 2023"]
[White "O`Gorman, Tom"]
[Black "Korchmar, Vasiliy"]
[WhiteFideId "2508249"]
[BlackFideId "24131750"]
[WhiteElo "2552"]
[BlackElo "2689"]
[Result "0-1"]
[Round "6"]
[TimeControl "180+2"]
[Date "2023.06.27"]
[WhiteClock "0:00:13"]
[BlackClock "0:00:16"]
[Board "53"]

1. e4 c5 2. Nf3 d6 3. c3 Nf6 4. Be2 Nc6 5. d4 g6 6. O-O Bg7 7. d5 Na5 8. Re1 O-O 9. Bf1 b5 10. Bxb5 Rb8 11. Bf1 e6 12. h3 exd5 13. exd5 Bf5 14. Bd3 Qd7 15. c4 Rfe8 16. Rxe8+ Rxe8 17. Nc3 Ne4 18. Ne2 Bxh3 19. gxh3 Qxh3 20. Bxe4 Rxe4 21. Ng3 Rg4 22. Qf1 Qh5 23. Bd2 Nxc4 24. Qxc4 Rxg3+ 25. fxg3 Qxf3 26. Qf1 Qxg3+ 27. Qg2 Bd4+ 28. Kf1 Qd3+ 29. Qe2 Qf5+ 30. Ke1 Qxd5 31. Rd1 Qh1+ 32. Qf1 Qh4+ 33. Ke2 Qe4+ 34. Be3 Qxe3# 0-1


[Site "https://www.chess.com"]

[Event "Titled Tuesday Blitz June 27 Late 2023"]
[White "Boyer, Mahel"]
[Black "Nasir, Zehn"]
[WhiteFideId "45102422"]
[BlackFideId "2613239"]
[WhiteElo "2689"]
[BlackElo "2546"]
[Result "1-0"]
[Round "6"]
[TimeControl "180+2"]
[Date "2023.06.27"]
[WhiteClock "0:00:42"]
[BlackClock "0:00:27"]
[Board "54"]

1. e4 c6 2. Nf3 d5 3. exd5 cxd5 4. c4 Nf6 5. cxd5 Nxd5 6. Nc3 Nc6 7. Bc4 e6 8. O-O Be7 9. Re1 O-O 10. d4 Bf6 11. Ne4 b6 12. Nxf6+ Nxf6 13. Bg5 Bb7 14. Rc1 Rc8 15. Bd3 Nb4 16. Rxc8 Qxc8 17. Bxf6 Nxd3 18. Qxd3 gxf6 19. h3 Kh8 20. Qe3 Rg8 21. Qf4 Qd8 22. Rc1 Bxf3 23. Qxf3 Qxd4 24. Rc7 Qxb2 25. Rxf7 Qa1+ 26. Kh2 Qe5+ 27. g3 a5 28. Rxf6 b5 29. Rf7 Rg7 30. Qa8+ Rg8 31. Qxa5 Qc5 32. Qe1 e5 33. Qe4 Rg7 34. Qa8+ Rg8 35. Qb7 Qc4 36. Rxh7# 1-0


[Site "https://www.chess.com"]

[Event "Titled Tuesday Blitz June 27 Late 2023"]
[White "Mirzoev, Azer"]
[Black "Hajiyev, Kanan"]
[WhiteFideId "13400304"]
[BlackFideId "13404148"]
[WhiteElo "2686"]
[BlackElo "2543"]
[Result "1-0"]
[Round "6"]
[TimeControl "180+2"]
[Date "2023.06.27"]
[WhiteClock "0:00:20"]
[BlackClock "0:00:00"]
[Board "55"]

1. c4 Nf6 2. Nc3 e6 3. e4 d5 4. e5 d4 5. exf6 dxc3 6. bxc3 Qxf6 7. Nf3 e5 8. Bd3 Bg4 9. Be4 Nc6 10. Rb1 Rb8 11. O-O Be7 12. Re1 O-O 13. Qc2 Bxf3 14. Bxf3 Bc5 15. d3 b6 16. Qe2 Rbd8 17. Be4 h6 18. g3 Ne7 19. Kg2 Nf5 20. Qf3 Nd6 21. Qxf6 gxf6 22. Bxh6 Nxe4 23. Bxf8 Nxc3 24. Bxc5 Nxb1 25. Be7 Rd7 26. Bxf6 Nc3 27. Rxe5 Kh7 28. Rg5 Nxa2 29. h4 Nb4 30. d4 a5 31. g4 a4 32. Kg3 a3 33. Rg7+ Kh6 34. g5+ Kh5 35. f4 a2 36. d5 Nd3 37. f5 1-0


[Site "https://www.chess.com"]

[Event "Titled Tuesday Blitz June 27 Late 2023"]
[White "Perez, Maximiliano"]
[Black "Vetoshko, Volodymyr"]
[WhiteFideId "117234"]
[BlackFideId "14122480"]
[WhiteElo "2541"]
[BlackElo "2677"]
[Result "0-1"]
[Round "6"]
[TimeControl "180+2"]
[Date "2023.06.27"]
[WhiteClock "0:00:00"]
[BlackClock "0:00:04"]
[Board "56"]

1. e4 c6 2. d4 d5 3. e5 c5 4. Nf3 Nc6 5. c4 cxd4 6. cxd5 Qa5+ 7. Qd2 Qxd5 8. Nc3 Qa5 9. Nb5 Qb6 10. Nbxd4 Bg4 11. h3 e6 12. Nxc6 bxc6 13. Qf4 Bxf3 14. gxf3 Bb4+ 15. Bd2 Bxd2+ 16. Qxd2 Rd8 17. Qc3 Ne7 18. Rg1 O-O 19. Bd3 Nd5 20. Qd2 g6 21. O-O-O Nb4 22. Qe2 Nxa2+ 23. Kc2 Rb8 24. Rb1 Rfd8 25. Bc4 Nb4+ 26. Kc1 Qc5 27. b3 Nd5 28. Qc2 Qa3+ 29. Qb2 Qa5 30. Qd2 Nc3 31. Qh6 Na2+ 0-1


[Site "https://www.chess.com"]

[Event "Titled Tuesday Blitz June 27 Late 2023"]
[White "Alex_Sahakyan2006"]
[Black "Liu, Casper"]
[BlackFideId "1454153"]
[WhiteElo "2673"]
[BlackElo "2538"]
[Result "1-0"]
[Round "6"]
[TimeControl "180+2"]
[Date "2023.06.27"]
[WhiteClock "0:01:12"]
[BlackClock "0:00:12"]
[Board "57"]

1. d4 d5 2. c4 dxc4 3. Nf3 Nc6 4. e3 Bg4 5. Bxc4 e6 6. Nc3 a6 7. h3 Bh5 8. O-O Nf6 9. Be2 Bd6 10. Nd2 Bxe2 11. Qxe2 e5 12. Nc4 O-O 13. d5 Ne7 14. e4 Ng6 15. g3 Bc5 16. Be3 Qe7 17. Bg5 h6 18. d6 cxd6 19. Nd5 Qe6 20. Bxf6 Qxh3 21. Qf3 gxf6 22. Nce3 Kh7 23. Nxf6+ Kh8 24. Qf5 Qxf5 25. Nxf5 Rfc8 26. Kg2 h5 27. Rh1 h4 28. Rh3 Bxf2 29. Kxf2 Rc2+ 30. Kf3 Rac8 31. Rah1 Rxb2 32. Rxh4+ Nxh4+ 33. Rxh4# 1-0


[Site "https://www.chess.com"]

[Event "Titled Tuesday Blitz June 27 Late 2023"]
[White "Kuzmin, Roman"]
[Black "Rosen, Eric"]
[WhiteFideId "44134932"]
[BlackFideId "2032562"]
[WhiteElo "2538"]
[BlackElo "2672"]
[Result "0-1"]
[Round "6"]
[TimeControl "180+2"]
[Date "2023.06.27"]
[WhiteClock "0:01:00"]
[BlackClock "0:00:30"]
[Board "58"]

1. e4 c5 2. Nf3 Nc6 3. d4 cxd4 4. Nxd4 g6 5. Nc3 Bg7 6. Be3 Nf6 7. Nxc6 bxc6 8. e5 Nd5 9. Nxd5 cxd5 10. Qxd5 Rb8 11. O-O-O O-O 12. f4 d6 13. Bd4 Be6 14. Qf3 Qa5 15. a3 dxe5 16. Bc3 Qa4 17. Bxe5 Bxe5 18. fxe5 Bg4 19. Qd3 Bxd1 20. Qxd1 Qf4+ 21. Qd2 Qxe5 22. c3 Rfd8 23. Bd3 Rd6 24. Re1 Qxh2 25. Qc2 Qg3 26. Rd1 Rbd8 27. Be2 Qe3+ 28. Kb1 Rd2 29. Qc1 Qxe2 30. Re1 Rxb2+ 31. Qxb2 Qxe1+ 32. Ka2 Rd2 0-1


[Site "https://www.chess.com"]

[Event "Titled Tuesday Blitz June 27 Late 2023"]
[White "Ismagilov, Damir"]
[Black "Stoleriu, George"]
[WhiteFideId "34199982"]
[BlackFideId "1227505"]
[WhiteElo "2536"]
[BlackElo "2666"]
[Result "0-1"]
[Round "6"]
[TimeControl "180+2"]
[Date "2023.06.27"]
[WhiteClock "0:00:00"]
[BlackClock "0:00:12"]
[Board "59"]

1. d4 e6 2. Bf4 Nf6 3. e3 b6 4. Nf3 Bb7 5. h3 d6 6. Nbd2 Nbd7 7. Bd3 Qe7 8. e4 e5 9. dxe5 dxe5 10. Bh2 g6 11. Bb5 a6 12. Bxd7+ Nxd7 13. O-O Bg7 14. Qe2 O-O 15. Rad1 Nc5 16. Rfe1 Rad8 17. Bg3 Rd7 18. Nc4 f6 19. Rxd7 Qxd7 20. Rd1 Qe7 21. Nfd2 Rd8 22. f3 Bh6 23. Bf2 Ne6 24. c3 Nf4 25. Qf1 Qd7 26. Ne3 Bf8 27. Nb3 Qe7 28. Rxd8 Qxd8 29. Nc1 Bc5 30. g3 Nh5 31. Kg2 Kg7 32. Qd3 Qe7 33. Nd5 Bxd5 34. Qxd5 Bxf2 35. Kxf2 Kh6 36. Nd3 Ng7 37. Nb4 a5 38. Nc6 Qf8 39. Qd2+ g5 40. Qd7 Qc5+ 41. Kg2 Qb5 42. Kf2 Qxb2+ 43. Kf1 Qxc3 44. Ne7 Qxf3+ 45. Ke1 Qxe4+ 46. Kf1 Qf3+ 47. Kg1 Qxg3+ 48. Kf1 Qf4+ 49. Kg1 Qd4+ 50. Kg2 Qxd7 0-1


[Site "https://www.chess.com"]

[Event "Titled Tuesday Blitz June 27 Late 2023"]
[White "Manukyan, Sargis A."]
[Black "Leenhouts, Koen"]
[WhiteFideId "13303970"]
[BlackFideId "1008439"]
[WhiteElo "2659"]
[BlackElo "2534"]
[Result "0-1"]
[Round "6"]
[TimeControl "180+2"]
[Date "2023.06.27"]
[WhiteClock "0:00:11"]
[BlackClock "0:00:12"]
[Board "60"]

1. d4 Nf6 2. c4 g6 3. Nc3 d5 4. Bf4 Bg7 5. e3 O-O 6. Rc1 c6 7. h3 e6 8. Nf3 Nbd7 9. c5 b6 10. b4 a5 11. b5 Bb7 12. Na4 bxc5 13. Nxc5 Nxc5 14. Rxc5 Ne4 15. Rc1 cxb5 16. Bxb5 Qb6 17. a4 Ba6 18. Bxa6 Qxa6 19. Qe2 Rfc8 20. Qxa6 Rxc1+ 21. Ke2 Rc2+ 22. Kd1 Rxa6 23. Kxc2 Rc6+ 24. Kb3 Nxf2 25. Rf1 Ne4 26. Rd1 Rc3+ 27. Kb2 Rc4 28. Ra1 h6 29. Ra3 g5 30. Be5 Rb4+ 31. Kc2 Rc4+ 32. Kd3 Bf8 33. Ra2 Rc3+ 34. Ke2 f6 35. Bh2 Rc1 36. Rb2 Ra1 37. Rb6 Ra2+ 38. Kd3 Ra3+ 39. Ke2 Rxa4 40. Rxe6 Ra2+ 41. Kf1 a4 42. Ra6 a3 43. Bc7 Rf2+ 44. Kg1 a2 45. Ra8 Rc2 46. Kh2 Rxc7 47. Rxa2 Bd6+ 48. g3 Nxg3 49. Kg2 Nf5 50. Kf2 Rc3 51. Ra8+ Kf7 52. Ra7+ Kg6 53. e4 dxe4 54. Ng1 Rc2+ 55. Ne2 Nxd4 56. h4 Rxe2+ 57. Kf1 Rd2 58. h5+ Kxh5 59. Ra1 Rd3 60. Ra2 Rf3+ 61. Kg1 Nf5 62. Kh1 Kg6 63. Rd2 Rh3+ 64. Kg1 Rg3+ 65. Kh1 Rd3 66. Rg2 Rd1+ 67. Rg1 Rxg1+ 68. Kxg1 Bc5+ 69. Kg2 e3 70. Kf1 g4 71. Ke2 h5 72. Kf1 h4 73. Kg2 h3+ 74. Kf1 Ng3+ 75. Kg1 e2+ 76. Kh2 Nf1+ 77. Kh1 Ne3 78. Kh2 Nf5 79. Kh1 e1=Q+ 80. Kh2 Qf2+ 81. Kh1 Qg2# 0-1


[Site "https://www.chess.com"]

[Event "Titled Tuesday Blitz June 27 Late 2023"]
[White "Yanev, Tihomir"]
[Black "Ashraf, Artin"]
[WhiteFideId "2910110"]
[BlackFideId "22514805"]
[WhiteElo "2536"]
[BlackElo "2649"]
[Result "0-1"]
[Round "6"]
[TimeControl "180+2"]
[Date "2023.06.27"]
[WhiteClock "0:00:59"]
[BlackClock "0:01:35"]
[Board "61"]

1. b3 Nf6 2. Bb2 g6 3. g3 Bg7 4. Bg2 O-O 5. e4 c5 6. d3 d5 7. exd5 Nxd5 8. Qc1 Nc6 9. Bxg7 Kxg7 10. Qb2+ e5 11. Ne2 Bg4 12. Nbc3 Nxc3 13. Nxc3 Nd4 14. h3 Bf3 15. O-O Qf6 16. Rae1 Qc6 0-1


[Site "https://www.chess.com"]

[Event "Titled Tuesday Blitz June 27 Late 2023"]
[White "Karttunen, Mika"]
[Black "Krishnan, Varun"]
[WhiteFideId "502081"]
[BlackFideId "5054508"]
[WhiteElo "2648"]
[BlackElo "2533"]
[Result "0-1"]
[Round "6"]
[TimeControl "180+2"]
[Date "2023.06.27"]
[WhiteClock "0:00:14"]
[BlackClock "0:00:30"]
[Board "62"]

1. d4 g6 2. e4 Bg7 3. f4 a6 4. Nf3 b5 5. Bd3 Bb7 6. O-O d6 7. a4 b4 8. e5 Nd7 9. Qe1 Nh6 10. Qxb4 Rb8 11. Qe1 O-O 12. Nc3 c5 13. exd6 exd6 14. dxc5 Nxc5 15. Kh1 Nxd3 16. cxd3 Re8 17. Qf2 Ng4 18. Qg3 Ne3 19. Bxe3 Rxe3 20. Rad1 Bc6 21. d4 Rxb2 22. f5 Rxc3 23. Qf4 Bxf3 24. Rxf3 Rxf3 25. Qxf3 gxf5 26. Qxf5 h6 27. Rf1 Qe8 28. h3 Re2 29. a5 Re1 30. Rxe1 Qxe1+ 31. Kh2 Qe8 32. Qd3 Qb5 33. Qc3 Qd5 34. Qc8+ Kh7 35. Qxa6 Qxd4 36. Qb5 Be5+ 37. g3 Qf2+ 38. Kh1 Qe1+ 39. Kg2 Qxg3+ 40. Kf1 Qxh3+ 41. Ke2 Qg2+ 42. Kd1 Qf3+ 43. Kc2 Qc3+ 44. Kd1 Qd4+ 45. Ke2 Qe4+ 46. Kd1 Qf3+ 47. Kc2 Qf2+ 48. Kd1 Qd4+ 49. Ke2 Qb2+ 50. Qxb2 Bxb2 51. Kd3 Ba3 52. Kc4 Bc5 53. Kd5 h5 54. Ke4 Kg6 0-1


[Site "https://www.chess.com"]

[Event "Titled Tuesday Blitz June 27 Late 2023"]
[White "Camacho Collados, Marcos"]
[Black "Chor, Kevin"]
[WhiteFideId "2266237"]
[BlackFideId "2090740"]
[WhiteElo "2636"]
[BlackElo "2531"]
[Result "0-1"]
[Round "6"]
[TimeControl "180+2"]
[Date "2023.06.27"]
[WhiteClock "0:00:23"]
[BlackClock "0:00:08"]
[Board "63"]

1. Nf3 c5 2. g3 Nc6 3. Bg2 g6 4. O-O Bg7 5. c4 Nf6 6. Nc3 O-O 7. a3 Rb8 8. Rb1 a5 9. d4 d6 10. d5 Na7 11. e4 b5 12. e5 Ng4 13. exd6 exd6 14. Bg5 Qb6 15. h3 Ne5 16. Nxe5 Bxe5 17. Ne4 f5 18. Nd2 Bd7 19. Re1 Rbe8 20. Bh6 Rf7 21. Nf3 bxc4 22. h4 Nb5 23. Bf1 Nd4 24. Nxe5 dxe5 25. Bxc4 Qd6 26. Be3 f4 27. gxf4 Qf6 28. fxe5 Nf3+ 29. Kf1 Bh3+ 30. Ke2 Rxe5 31. d6 Be6 32. Bxe6 Qxe6 33. d7 Rxd7 34. Qa4 Rd2+ 35. Kxf3 Qh3+ 36. Kf4 Rf5+ 37. Ke4 Qf3# 0-1


[Site "https://www.chess.com"]